Map: 카이로스 정션 - 래더

Players

Ragnarok (SHIN)

  • Race: Zerg Zerg
  • League: Grandmaster
  • Spawn Location: 11:00

TSGSolar (Solar) - Winner!

  • Race: Zerg Zerg
  • League: Master
  • Spawn Location: 5:00

VOD

Have the link to the VOD?

Description

Time

  • Played on: Aug. 8, 2019, 7:21 a.m.
  • Length: 11:48
Show
View Real Time Build Order
Export as new Build Order

Ragnarok Zerg 

Build Orders: Hatch First 

Get SALT Encoding   

  12  0:00  Drone  
  13  0:12  Overlord  
  13  0:16  Drone  
  14  0:31  Drone x2  
  16  0:36  Drone  
  17  0:52  Hatchery  
  17  0:55  Drone  
  17  0:58  Drone  
  18  1:09  Extractor  
  17  1:13  Spawning Pool  
  17  1:16  Drone  
  17  1:20  Drone  
  18  1:30  Drone  
  19  1:41  Overlord  
  19  1:51  Drone  
  20  1:59  Queen  
  22  2:03  Queen  
  22  2:04  Drone x2  
  26  2:14  Drone  
  27  2:16  Drone  
  27  2:21  Drone  
  29  2:26  Drone  
  30  2:32  Drone  
  30  2:35  Queen  
  33  2:37  Drone  
  34  2:45  Drone  
  34  2:48  Evolution Chamber  
  34  2:49  Drone  
  34  2:50  Lair  
  35  2:54  Drone  
  35  2:57  Roach Warren  
  35  2:58  Drone  
  36  3:05  Overlord  
  36  3:14  Zerg Missile Weapons Level 1  
  36  3:19  Overlord  
  36  3:23  Drone x3  
  36  3:24  Drone x3  
  42  3:31  Extractor x2  
  41  3:34  Drone x2  
  42  3:41  Drone x3  
  42  3:45  Drone x3  
  42  3:46  Drone  
  42  3:47  Glial Reconstitution  
  49  3:51  Overlord  
  49  3:58  Roach  
  51  4:06  Overlord  
  51  4:07  Roach, Hatchery  
  52  4:11  Roach  
  52  4:12  Roach  
  52  4:16  Roach  
  58  4:17  Roach  
  58  4:23  Overlord x2  
  60  4:25  Roach  
  60  4:27  Overseer  
  60  4:28  Overseer  
  64  4:31  Roach  
  64  4:34  Roach  
  66  4:45  Roach x5  
  76  4:51  Roach  
  76  4:52  Roach  
  80  4:56  Overlord  
  80  4:57  Roach  
  82  5:02  Overlord  
  82  5:13  Evolution Chamber  
  82  5:14  Drone x5  
  82  5:19  Drone  
  82  5:20  Drone x2  
  82  5:21  Drone  
  88  5:22  Drone  
  88  5:27  Drone  
  80  5:29  Drone x2, Overseer  
  80  5:33  Zerg Missile Weapons Level 2  
  82  5:38  Drone  
  82  5:39  Extractor  
  82  5:42  Zerg Ground Armor Level 1  
  82  5:43  Roach x2  
  82  5:48  Overlord  
  86  5:53  Roach x2  
  90  5:59  Roach  
  90  6:02  Roach x2  
  90  6:03  Roach x4  
  104  6:04  Overlord x2  
  104  6:07  Roach  
  108  6:11  Roach  
  108  6:13  Roach  
  108  6:14  Roach  
  112  6:19  Roach, Extractor  
  113  6:28  Drone x3  
  113  6:29  Drone x2  
  113  6:32  Drone x5  
  123  6:33  Roach, Drone  
  123  6:34  Overseer  
  123  6:35  Overseer  
  123  6:37  Roach  
  128  6:40  Overlord  
  128  6:41  Roach  
  128  6:44  Pneumatized Carapace  
  130  6:48  Overlord x2  
  130  6:50  Overlord  
  130  7:00  Roach x4  
  138  7:04  Overlord  
  138  7:07  Ravager  
  138  7:08  Roach x2, Ravager x2  
  145  7:14  Roach x3  
  151  7:18  Roach x2  
  155  7:23  Roach x3  
  155  7:29  Roach x2  
  166  7:30  Roach x2  
  166  7:33  Overlord  
  166  7:34  Overlord x2  
  165  7:38  Roach x2  
  165  7:42  Ravager  
  170  7:49  Overlord x2  
  170  7:53  Roach x5  
  170  7:58  Roach x5  
  186  8:01  Roach  
  186  8:02  Overlord  
  186  8:03  Roach  
  186  8:04  Roach  
  192  8:08  Roach  
  192  8:12  Hatchery  
  191  8:13  Overseer  
  191  8:16  Ravager  
  191  8:17  Roach  
  198  8:20  Roach x2  
  198  8:25  Roach x2  
  190  8:38  Roach  
  190  8:39  Roach x6  
  191  8:48  Roach  
  191  8:49  Roach x2  
  191  8:55  Roach  
  199  8:57  Ravager  
  200  9:03  Burrow  
  197  9:10  Hydralisk Den  
  197  9:16  Roach x6  
  191  9:21  Roach x3  
  191  9:23  Roach  
  160  9:33  Queen  
  146  9:41  Hydralisk  
  146  9:42  Grooved Spines, Queen x2, Hydralisk x2  
  146  9:45  Hydralisk  
  142  9:48  Hydralisk  
  142  9:51  Hydralisk  
  126  9:54  Hydralisk  
  126  9:58  Hydralisk  
  116  10:00  Zergling x16  
  116  10:03  Roach  
  116  10:04  Roach  
  116  10:07  Hydralisk  
  116  10:09  Roach, Queen  
  116  10:13  Spore Crawler  
  119  10:14  Spore Crawler  
  119  10:15  Spore Crawler  
  119  10:16  Roach  
  119  10:19  Roach  
  121  10:25  Roach x3  
  121  10:27  Roach  
  113  10:28  Queen x2  
  113  10:29  Queen x2, Hydralisk  
  113  10:32  Roach  
  113  10:34  Hydralisk  
  107  10:36  Roach  
  107  10:38  Roach  
  107  10:41  Roach, Hydralisk x5  
  115  10:43  Roach  
  115  10:45  Roach x12  
  115  10:47  Roach x2  
  115  10:49  Roach  
  119  10:51  Ravager  
  119  10:52  Hydralisk x6  
  119  10:53  Roach  
  120  10:57  Roach x16  
  120  10:58  Roach  
  120  11:01  Roach  
  124  11:06  Roach x3  
  124  11:08  Roach  
  124  11:09  Roach  
  134  11:12  Roach  
  134  11:13  Roach  
  134  11:17  Roach  
  140  11:24  Roach x4  
  136  11:26  Roach  
  136  11:29  Roach  
  136  11:30  Overseer  
Show
View Real Time Build Order
Export as new Build Order

TSGSolar Zerg - Winner!

Build Orders: Hatch First 

Get SALT Encoding   

  12  0:01  Drone  
  13  0:12  Overlord  
  13  0:16  Drone  
  14  0:31  Drone x2  
  16  0:49  Hatchery  
  15  0:51  Drone  
  15  0:56  Drone  
  17  0:59  Drone  
  18  1:10  Extractor  
  17  1:14  Spawning Pool  
  17  1:16  Drone  
  17  1:20  Drone  
  18  1:28  Drone  
  19  1:39  Drone  
  20  1:49  Overlord  
  20  2:01  Queen x2  
  20  2:03  Drone x2  
  26  2:12  Drone x2  
  28  2:24  Drone x2  
  30  2:35  Hatchery  
  30  2:37  Zergling x2  
  30  2:40  Drone  
  31  2:44  Overlord  
  31  2:46  Drone  
  32  2:55  Drone x2  
  34  3:01  Evolution Chamber  
  33  3:06  Drone x2  
  33  3:08  Drone  
  33  3:09  Drone  
  33  3:10  Drone x3  
  40  3:12  Overlord  
  40  3:16  Drone  
  41  3:20  Drone  
  41  3:27  Zerg Missile Weapons Level 1  
  42  3:28  Drone  
  43  3:34  Drone  
  43  3:35  Roach Warren, Lair  
  43  3:39  Extractor  
  43  3:40  Extractor  
  41  3:42  Drone  
  41  3:43  Drone x4  
  41  3:47  Queen  
  48  3:49  Drone  
  48  3:51  Drone  
  48  3:54  Overlord  
  50  3:57  Drone x2  
  50  3:59  Drone  
  50  4:01  Drone  
  54  4:05  Drone  
  54  4:07  Drone  
  56  4:10  Drone  
  56  4:13  Drone x3  
  56  4:15  Overlord  
  60  4:18  Extractor  
  60  4:19  Roach x2  
  60  4:21  Roach  
  64  4:25  Roach  
  64  4:27  Overlord  
  66  4:32  Glial Reconstitution  
  66  4:34  Roach x2  
  66  4:36  Overseer  
  66  4:37  Overlord  
  70  4:39  Roach  
  70  4:45  Roach  
  74  4:48  Overlord  
  74  4:49  Roach x2  
  74  4:52  Roach x2  
  82  4:53  Overseer  
  82  4:56  Overlord  
  82  4:59  Roach x2  
  86  5:04  Roach x2  
  90  5:07  Roach x2  
  90  5:10  Overlord  
  90  5:12  Roach  
  90  5:14  Roach  
  98  5:15  Roach  
  98  5:19  Roach  
  98  5:20  Roach  
  102  5:21  Roach  
  102  5:24  Roach  
  102  5:25  Roach  
  104  5:28  Roach  
  104  5:32  Roach x2  
  104  5:35  Extractor  
  107  5:36  Drone x3  
  107  5:37  Drone  
  107  5:40  Overlord  
  111  5:45  Drone  
  111  5:47  Drone  
  111  5:48  Drone  
  114  5:54  Overlord  
  114  5:57  Overlord  
  114  6:03  Burrow, Drone x2  
  114  6:04  Drone  
  117  6:05  Overlord, Zerg Missile Weapons Level 2  
  117  6:12  Roach x2  
  117  6:13  Tunneling Claws  
  117  6:16  Drone x3  
  124  6:21  Overlord  
  124  6:23  Overlord  
  124  6:24  Roach x4  
  132  6:28  Ravager x2  
  134  6:34  Overlord  
  134  6:35  Hatchery  
  134  6:37  Roach  
  134  6:38  Roach  
  137  6:45  Roach  
  137  6:46  Roach x3  
  145  6:47  Overlord  
  145  6:52  Roach x3  
  151  6:55  Roach  
  151  6:57  Roach x2  
  157  7:02  Extractor, Drone x2  
  157  7:04  Roach x7, Drone  
  159  7:09  Roach x7, Drone  
  159  7:10  Drone  
  159  7:13  Spire, Overlord  
  160  7:17  Roach x7  
  160  7:20  Roach x4  
  168  7:27  Roach x3  
  168  7:30  Roach x2  
  172  7:38  Drone x2  
  172  7:39  Drone x2  
  172  7:41  Roach  
  178  7:46  Roach x2  
  178  7:47  Roach x2  
  178  7:48  Overlord  
  178  7:49  Roach x6  
  184  7:55  Overlord  
  184  8:01  Drone x2  
  184  8:04  Extractor  
  183  8:10  Roach x10  
  175  8:14  Queen  
  175  8:17  Extractor  
  175  8:18  Roach x3  
  182  8:26  Mutalisk x8  
  198  8:32  Mutalisk x2  
  196  8:39  Mutalisk  
  182  8:45  Mutalisk  
  172  8:51  Roach x3  
  172  8:55  Overseer x2  
  178  9:04  Roach, Ravager  
  178  9:05  Roach x4  
  178  9:09  Roach x3  
  197  9:10  Roach  
  197  9:11  Roach  
  197  9:12  Roach  
  197  9:13  Roach  
  197  9:14  Roach  
  197  9:15  Roach  
  197  9:16  Roach  
  188  9:19  Roach x2  
  188  9:20  Roach x2  
  161  9:25  Roach x3  
  161  9:26  Roach x2  
  161  9:28  Roach  
  161  9:29  Drone x6  
  161  9:30  Roach x2, Queen, Drone x9  
  162  9:33  Roach x2  
  162  9:35  Roach  
  162  9:36  Roach x2  
  162  9:38  Roach  
  161  9:40  Roach  
  161  9:43  Roach x2  
  152  9:47  Queen  
  152  9:48  Roach  
  152  9:49  Roach  
  145  9:54  Roach x2  
  145  9:56  Drone  
  145  9:57  Drone x4  
  145  9:58  Drone  
  144  10:00  Drone x2  
  144  10:02  Roach  
  144  10:04  Drone  
  144  10:06  Drone  
  140  10:08  Roach, Queen  
  140  10:12  Ravager x3  
  140  10:14  Ravager  
  146  10:15  Roach x2  
  146  10:17  Roach  
  146  10:19  Roach  
  152  10:24  Roach x2  
  152  10:25  Roach  
  150  10:30  Roach x2  
  150  10:32  Ravager  
  150  10:33  Roach  
  150  10:34  Roach  
  153  10:37  Roach  
  153  10:39  Roach x2  
  159  10:46  Roach x3  
  165  10:51  Roach  
  165  10:52  Ravager  
  165  10:54  Roach  
  165  10:55  Roach  
  172  10:59  Roach  
  172  11:02  Roach x2  
  178  11:08  Roach x6  
  192  11:11  Roach  
  192  11:14  Roach x2  
  196  11:19  Roach x2  
  190  11:27  Roach x2  
  190  11:29  Roach  
  166  11:42  Ravager  
  166  11:45  Ravager  
Tags
 
Add a new tag
Caveats
  • Supply blocks, unpowered buildings, or Contaminate may cause inaccurate times.
  • Supply counts are checked every 10 seconds.